 Dungeon Crawl Stone Soup version 0.20.0-8-g6b59dc7 (webtiles) character file.

842 Gargoyl the Chopper (level 7, -2/60 HPs)
             Began as a Purple Draconian Abyssal Knight on May 31, 2017.
             Was a Priest of Lugonu.
             Slain by Sigmund
             ... wielding a +1 scythe of freezing
              (4 damage)
             ... on level 5 of the Dungeon.
             The game lasted 00:12:01 (5742 turns).

Gargoyl the Chopper (DrAK)                          Turns: 5742, Time: 00:12:02

Health: -2/60      AC: 11    Str: 15    XL:     7   Next: 67%
Magic:  9/9        EV: 11    Int: 12    God:    Lugonu [***...]
Gold:   27         SH: 12    Dex: 12    Spells: 5/6 levels left

rFire    . . .     SeeInvis .   n - +1 war axe
rCold    . . .     Gourm    .   d - +4 shield
rNeg     . . .     Faith    .   (armour unavailable)
rPois    .         Spirit   .   w - +2 hat
rElec    .         Reflect  .   y - +0 cloak
rCorr    .         Harm     .   v - +0 pair of gloves
MR       +....                  g - +0 pair of boots
Stlth    +.........             (no amulet)
Regen    0.2/turn               (no ring)
MPRegen  0.2/turn               (no ring)

@: slowed, very slow
A: breathe power, unfitting armour, fangs 1, stinger 1, cold-blooded, AC +6
a: Breathe Dispelling Energy, Depart the Abyss, Bend Space, Banish, Renounce
Religion


You were on level 5 of the Dungeon.
You worshipped Lugonu.
Lugonu was most pleased with you.
You were not hungry.

You visited 1 branch of the dungeon, and saw 5 of its levels.
You visited the Abyss 1 time.

You collected 209 gold pieces.
You spent 182 gold pieces at shops.

Inventory:

Hand Weapons
 a - a +1 hand axe
 n - a +1 war axe (weapon)
Armour
 d - a +4 shield (worn)
 g - a +0 pair of boots (worn)
 v - a +0 pair of gloves (worn)
 w - a +2 hat (worn)
 y - a +0 cloak (worn)
Scrolls
 c - a scroll of magic mapping
 m - 2 scrolls of identify
 o - a scroll of teleportation
 r - 2 scrolls of blinking
Potions
 e - a potion of experience {unknown}
 f - 2 potions of haste
 h - a potion of resistance {unknown}
 i - 3 potions of heal wounds
 j - a potion of cancellation
 k - a potion of brilliance {unknown}
 l - a potion of magic {unknown}
 p - 2 potions of flight
 q - 2 potions of berserk rage {unknown}
 t - 2 potions of curing
 u - a potion of might
 x - a potion of agility {unknown}
 z - a potion of invisibility {unknown}
Books
 B - a book of Misfortune

   Spells                             Type                      Level
   a - Confusing Touch                Hexes                        1
   b - Confuse                        Hexes                        3
   c - Gell's Gravitas                Translocation                3
   d - Petrify                        Transmutation/Earth          4
   e - Metabolic Englaciation         Hexes/Ice                    5
   f - Yara's Violent Unravelling     Hexes/Transmutation          5
Comestibles
 b - 3 bread rations
 s - 4 royal jellies
 C - 2 meat rations
 D - 2 chunks of flesh


   Skills:
 + Level 4.7 Fighting
 + Level 5.0 Axes
 * Level 4.5 Dodging
 + Level 3.3 Shields
 + Level 0.2 Spellcasting
 * Level 3.8 Invocations


You had 5 spell levels left.
You knew the following spells:

 Your Spells              Type           Power        Failure   Level  Hunger
a - Confusing Touch       Hex            #.....       83%         1    ##.....


Dungeon Overview and Level Annotations

Branches:
Dungeon (5/15)
 Temple: D:4-7

Altars:
Gozag
Qazlal
Uskayaw
Yredelemnul

Shops:
D:4 !

Annotations:
D:5 Sigmund


Innate Abilities, Weirdness & Mutations

You can breathe bolts of dispelling energy.
Your rich purple scales are hard. (AC +6)
You cannot fit into any form of body armour.
You are cold-blooded and may be slowed by cold attacks.
You have very sharp teeth.
Your tail ends in a poisonous barb.


Message History

* * * LOW HITPOINT WARNING * * *
You slash something! You tail-slap something. Something hits you.
* * * LOW HITPOINT WARNING * * *
Something freezes you.
* * * LOW HITPOINT WARNING * * *
Unknown command.
You closely miss something.
You hear some strange, mumbled words.
A magic dart appears from out of thin air!
The magic dart hits you!
* * * LOW HITPOINT WARNING * * *
Something hits you.
* * * LOW HITPOINT WARNING * * *
You feel as though you will be slow longer.
Something freezes you.
* * * LOW HITPOINT WARNING * * *
Unknown command.
You miss something. You tail-slap something. Your bite misses something.
Something hits you.
You die...

.#.#............#
..###....######## ###
##.#.......##. ..#
#.........##. #..###.
#.#..)....##..##.......
#.#.....#.##..#......
#.#.##..#.##>.#....#
#.#.#...#.##.......#
#.........##...@{.#
#####...#######)#.#
#(..# #.# ..
######...#######.# ##
#.............##.#
.................#
#.....).......####
#####....#.####
#....#.#


There were no monsters in sight!

Vanquished Creatures
  Grinder (D:3)
  Edmund (D:5)
  A quasit (D:5)
  An orc priest (D:4)
  3 jellies (D:4)
  Crazy Yiuf (D:3)
  Jessica (D:2)
  An iguana (D:5)
  Terence (D:3)
  A worker ant (D:4)
  Robin (D:2)
  6 adders
  11 oozes
  An adder skeleton (D:5)
  2 worms (D:2)
  4 leopard geckos
  11 orcs
  13 bats
  4 giant cockroaches
  13 goblins
  10 hobgoblins
  19 kobolds
  3 quokkas
  6 frilled lizards
  A quokka zombie (D:3)
  4 rats
121 creatures vanquished.

Vanquished Creatures (others)
  A fungus (D:4)
  10 toadstools (D:4)
11 creatures vanquished.

Grand Total: 132 creatures vanquished

Notes
Turn   | Place    | Note
-------+----------+-------------------------------------------
     0 | Abyss:1  | Gargoyl the Draconian Abyssal Knight began the quest for the Orb.
     0 | Abyss:1  | Reached XP level 1. HP: 19/19 MP: 2/2
    91 | Abyss:2  | Noticed a small abomination
    93 | D:1      | Escaped the Abyss
   293 | D:1      | Reached * piety under Lugonu
   392 | D:1      | Reached XP level 2. HP: 25/26 MP: 3/3
   934 | D:2      | Noticed Jessica
   950 | D:2      | Killed Jessica
   950 | D:2      | Reached XP level 3. HP: 28/33 MP: 4/4
  1152 | D:1      | Reached skill level 1 in Shields
  1428 | D:2      | Reached XP level 4. HP: 40/40 MP: 5/5
  1508 | D:2      | Noticed Robin
  2004 | D:2      | Reached ** piety under Lugonu
  2011 | D:2      | Killed Robin
  2471 | D:2      | Reached skill level 3 in Axes
  2489 | D:2      | Reached XP level 5. HP: 46/46 MP: 7/7
  3120 | D:3      | Found a stormy altar of Qazlal.
  3310 | D:3      | Noticed Grinder
  3338 | D:3      | Paralysed by Grinder for 7 turns
  3346 | D:3      | Gained mutation: Your magical capacity is low. (-10% MP) [potion of mutation]
  3346 | D:3      | Lost mutation: Your magical capacity is low. (-10% MP) [potion of mutation]
  3351 | D:3      | HP: 2/46 [Grinder (5)]
  3352 | D:3      | Killed Grinder
  3352 | D:3      | Reached XP level 6. HP: 2/53 MP: 6/8
  3648 | D:3      | Gained mutation: Your tail ends in a poisonous barb. [potion of mutation]
  3648 | D:3      | Gained mutation: You have very sharp teeth. [potion of mutation]
  3675 | D:3      | Noticed Terence
  3688 | D:3      | Killed Terence
  3688 | D:3      | Reached skill level 4 in Axes
  3919 | D:3      | Found a basalt altar of Yredelemnul.
  4082 | D:3      | Found an opulent altar of Gozag.
  4233 | D:3      | Found a runed door.
  4237 | D:3      | Noticed Crazy Yiuf
  4247 | D:3      | Killed Crazy Yiuf
  4451 | D:4      | Found a hide-covered altar of Uskayaw.
  4491 | D:4      | Found a stormy altar of Qazlal.
  4565 | D:4      | Reached *** piety under Lugonu
  4746 | D:4      | Your scales start taking on a rich purple colour.
  4746 | D:4      | Reached XP level 7. HP: 49/60 MP: 9/9
  5144 | D:4      | Found Suyfatul's Distillery.
  5150 | D:4      | Bought a potion of heal wounds for 70 gold pieces
  5150 | D:4      | Bought a potion of heal wounds for 70 gold pieces
  5150 | D:4      | Bought a potion of curing for 42 gold pieces
  5518 | D:5      | Entered Level 5 of the Dungeon
  5532 | D:5      | Learned a level 1 spell: Confusing Touch
  5576 | D:5      | Noticed Edmund
  5615 | D:5      | Killed Edmund
  5615 | D:5      | Reached skill level 5 in Axes
  5721 | D:5      | Noticed Sigmund
  5741 | D:5      | HP: 3/60 [something (4)]
  5741 | D:5      | HP: 1/60 [something (2)]
  5742 | D:5      | Slain by Sigmund

Skill      XL: |  1  2  3  4  5  6  7 |
---------------+----------------------+-----
Shields        | 1 2 3 |  3.3
Fighting       | 4 |  4.7
Dodging        | 3 4 |  4.5
Axes           | 3 4 5 |  5.0
Invocations    | 3 |  3.8
Spellcasting   | |  0.2

Action                   |  1- 3 |  4- 6 |  7- 9 || total
-------------------------+-------+-------+-------++-------
Melee: Hand axe          |   102 |   144 |       ||   246
       Tailslap          |     8 |    23 |    12 ||    43
       War axe           |       |    89 |    89 ||   178
       Bite              |       |    10 |    10 ||    20
Invok: Depart the Abyss  |     1 |       |       ||     1
 Abil: Breathe Dispellin |       |       |     2 ||     2
  Use: Scroll            |     8 |     5 |     1 ||    14
       Potion            |       |     6 |       ||     6
 Stab: Sleeping          |     1 |       |     1 ||     2
  Eat: Chunk             |     2 |     6 |     4 ||    12
       Bread ration      |       |     1 |       ||     1
Armor: Skin              |    28 |    77 |    28 ||   133
Dodge: Dodged            |    28 |   119 |    32 ||   179
Block: Shield            |    59 |   190 |    53 ||   302
